 Dungeon Crawl Stone Soup version 0.27-a0-1332-g84bddb5ca7 (webtiles) character file.

Game seed: 8175315030913591601

93 Sobieck the Chopper (level 4, -3/40 HPs)
             Began as a Hill Orc Gladiator on June 25, 2021.
             Slain by a gnoll (6 damage)
             ... on level 2 of the Dungeon.
             The game lasted 00:04:54 (2167 turns).

Sobieck the Chopper (Hill Orc Gladiator)            Turns: 2167, Time: 00:04:54

Health: -3/40      AC:  7    Str: 17    XL:     4   Next: 62%
Magic:  4/4        EV: 12    Int:  8    God:
Gold:   61         SH:  0    Dex: 12    Spells: 3/3 levels left

rFire    . . .     SeeInvis .   a - +0 war axe {axe}
rCold    . . .     Faith    .   (no shield)
rNeg     . . .     Spirit   .   l - +0 leather armour
rPois    .         Reflect  .   c - +0 helmet
rElec    .         Harm     .   m - +1 cloak
rCorr    .         Rampage  .   p - +0 pair of gloves
Will     .....                  (no boots)
Stlth    +.........             (no amulet)
HPRegen  0.13/turn              (no ring)
MPRegen  0.09/turn              (no ring)

@: no status effects
A: no striking features
a: no special abilities


You were on level 2 of the Dungeon.
You visited 1 branch of the dungeon, and saw 3 of its levels.

You collected 61 gold pieces.


   Skills:
 + Level 3.7 Fighting
 + Level 5.1 Axes
 - Level 1.7 Throwing
 + Level 2.4 Armour
 - Level 2.4 Dodging


You had 3 spell levels left.
You didn't know any spells.
Your spell library contained the following spells:

 Spells                   Type           Power      Damage    Failure   Level
 Foxfire                  Conj/Fire      0%         2x1d4     45%         1
 Conjure Flame            Conj/Fire      0%         6-21      83%         3
 Inner Flame              Hex/Fire       0%         N/A       83%         3
 Sticky Flame             Conj/Fire      0%         2d3       99%         4
 Fireball                 Conj/Fire      0%         3d3       100%        5

Inventory:

Hand Weapons
 a - a +0 war axe (weapon) {axe}
 b - a +0 hunting sling {sling}
   (You found it on level 2 of the Dungeon)
 g - a +3 short sword {short}
   (You took it off a kobold on level 1 of the Dungeon)
 i - a +2 short sword of protection {short}
   (You took it off a kobold on level 1 of the Dungeon)
Missiles
 d - 3 throwing nets {=f!fthrowing}
 e - 87 arrows
 f - 26 stones (quivered) {throwing}
Armour
 c - a +0 helmet (worn)
 l - a +0 leather armour (worn)
 m - a +1 cloak (worn)
   (You found it on level 1 of the Dungeon)
 p - a +0 pair of gloves (worn)
   (You found it on level 2 of the Dungeon)
 s - a +0 pair of boots
   (You found it on level 2 of the Dungeon)
Wands
 k - a wand of digging (5)
   (You found it on level 2 of the Dungeon)
Scrolls
 h - a scroll of fog {unknown}
 j - 2 scrolls of blinking {unknown}
 n - a scroll of noise {unknown}
 o - a scroll of amnesia {unknown}
 q - a scroll of enchant armour {unknown}
 r - a scroll of identify {unknown}

Dungeon Overview and Level Annotations

Branches:
Dungeon (3/15)

Altars:

Shops:
D:1

*!(=( #>.........
#.#.#.†..##
#.#.#.#### #.#.#.#
#....†#####
#.#.##....#
########.#.##....#
#..........##....#
#@######.####....#
#g# #.# #....# #g#
#.####....# #..
#....'....+ ...
######....# .(..
#..... ##.. #....#
### ####.# #..


You could see 2 gnolls.


Message History

The bat moves out of view.
You slash the adder!
You kill the adder! 😎 HP[+1]
You now have 39 max hp (+1).
Your hp is fully restored (39).
The worm barely misses you.
Things that are here:
a stone {throwing}; an adder corpse You slash the worm!
The worm barely misses you.
You slash the worm! You slash the worm!
You kill the worm!
The bat hits you but does no damage. 😎 HP[+1]
You now have 40 max hp (+1).
Your hp is fully restored (40).
The bat barely misses you.
You see here a stone {throwing}.
You barely miss the bat. The bat closely misses you. The bat misses you.
The bat closely misses you.
You barely miss the bat. The bat hits you but does no damage.
No target in view!
No target in view!
b - a +0 hunting sling (weapon)
{sling} A bat is nearby!
You shoot a stone {throwing}.
The stone {throwing} closely misses the bat.
The bat barely misses you. The bat closely misses you.
You shoot a stone {throwing}.
The stone {throwing} closely misses the bat.
The bat hits you but does no damage. The bat misses you.
a - a +0 war axe (weapon)
{axe} The bat barely misses you.
The bat hits you but does no damage. The bat misses you.
You closely miss the bat. The bat hits you but does no damage.
You slash the bat!
You kill the bat!
No target in view!
b - a +0 hunting sling (weapon)
{sling}
f - 23 stones {throwing} (gained 1)
f - 24 stones {throwing} (gained 1)
You see here an adder corpse.
s - a +0 pair of boots You now have 52 gold pieces (gained 13).
f - 25 stones {throwing} (gained 1)
You see here a bat corpse.
(D) Dungeon
Where to? (Enter - D:3, ? - help)
There is a stone staircase leading down here.
You climb downwards.
There is a stone staircase leading up here.
You climb upwards.
There is a stone staircase leading down here.
f - 26 stones {throwing} (gained 1)
f - 27 stones {throwing} (gained 1)
You see here a bat corpse.
e - 87 arrows (gained 19)
You now have 61 gold pieces (gained 9).
You open the door.
There is an open door here. 2 gnolls come into view.
A gnoll is wielding a +1 vorpal spear.
The gnoll shouts! x2
You shoot a stone {throwing}.
The stone {throwing} closely misses the gnoll.
a - a +0 war axe (weapon)
{axe} The gnoll hits you with a +0 club.
The gnoll hits you but does no damage. 😕 HP[-1]
You take 1 damage, and now have 39/40 hp.
You hit the gnoll. The gnoll barely misses you. The gnoll closely misses you.
The gnoll hits you but does no damage.
You closely miss the gnoll.
A gnoll comes into view. It is wielding a +0 whip.
The gnoll hits you from afar with a +1 vorpal spear.
The gnoll hits you with a +0 club.
The gnoll moves out of view. 😕 HP[-5]
You take 5 damage, and now have 34/40 hp.
You completely miss the gnoll.
The gnoll hits you from afar with a +1 vorpal spear.
The gnoll barely misses you.
The gnoll hits you from afar with a +1 vorpal spear. 😮 HP[-13]
You take 13 damage, and now have 21/40 hp.
MASSIVE DAMAGE!! (PAUSE)
You barely miss the gnoll. The gnoll closely misses you.
The gnoll hits you from afar with a +1 vorpal spear!
* * * LOW HITPOINT WARNING * * *
x2 😨 HP[-10]
You take 10 damage, and now have 11/40 hp.
MASSIVE DAMAGE!! (PAUSE)
You hit the gnoll. The gnoll barely misses you. The gnoll misses you.
The gnoll hits you but does no damage.
The gnoll shouts!
You slash the gnoll!
You kill the gnoll!
The gnoll completely misses you.
The gnoll hits you from afar with a +1 vorpal spear.
* * * LOW HITPOINT WARNING * * *
x2 😱 HP[-8]
You take 8 damage, and now have 3/40 hp.
The gnoll hits you with a +1 vorpal spear.
You die...

Skill      XL: |  1  2  3  4 |
---------------+-------------+-----
Armour         | 1 2 |  2.4
Fighting       | 3 |  3.7
Axes           | 5 |  5.1
Throwing       | |  1.7
Dodging        | |  2.4

Action                   |  1- 3 |  4- 6 || total
-------------------------+-------+-------++-------
Melee: War axe           |    60 |    30 ||    90
 Fire: Hunting sling     |    21 |    12 ||    33
Throw: Stone             |    16 |       ||    16
  Use: Potion            |     1 |       ||     1
Armor: Leather armour    |    25 |    14 ||    39
Dodge: Dodged            |    49 |    33 ||    82

Levels and vault maps discovered:
D:1:      minmay_arrival_radiant_lines, layout_basic, serial_shops,
          nicolae_shop_trees, shop, shop, shop_fountains, shop_statue,
          basic_ecumenical_altar, minmay_curled_crystal, minmay_tiny_reverse_x
D:2:      layout_basic, kennysheep_generic_room_13
D:3:      layout_basic, yredelemnul_altar_generic, uniq_jessica, uniq_sigmund

Notes
Turn   | Place    | Note
-------+----------+-------------------------------------------
     0 | D:1      | Sobieck the Hill Orc Gladiator began the quest for the Orb.
     0 | D:1      | Reached XP level 1. HP: 18/18 MP: 1/1
     0 | D:1      | magus.rc [v1.9.6]
    23 | D:1      | Found Suerr's Antique Weapon Shoppe.
   162 | D:1      | Found Piufyda's Jewellery Shop.
   229 | D:1      | Reached XP level 2. HP: 25/25 MP: 2/2
   232 | D:1      | Found a faded altar of an unknown god.
   262 | D:1      | Reached skill level 1 in Armour
   716 | D:1      | Found Jeytur's Antique Weapon Shoppe.
   736 | D:1      | Reached skill level 3 in Fighting
   817 | D:1      | Reached XP level 3. HP: 12/31 MP: 3/3
   817 | D:1      | HP: 7/31 [adder (4)]
   820 | D:1      | HP: 3/31 [poisoned by an adder]
  1282 | D:1      | Found Tywaid's General Store.
  1291 | D:1      | Found Tar Korch's Distillery.
  1434 | D:2      | You pick up a book of Flames and begin reading...
  1434 | D:2      | You add the spells Foxfire, Conjure Flame, Inner Flame,
                  | Sticky Flame and Fireball to your library.
  1526 | D:2      | Reached skill level 2 in Armour
  1652 | D:2      | Reached XP level 4. HP: 20/38 MP: 4/4
  1663 | D:2      | Reached skill level 5 in Axes
  2166 | D:2      | HP: 5/40 [gnoll (6)]
  2167 | D:2      | Slain by a gnoll

Vanquished Creatures
  A gnoll (D:2)
  5 adders
  A worm (D:2)
  3 bats
  2 endoplasms (D:1)
  A giant cockroach (D:3)
  2 goblins
  5 hobgoblins
  5 kobolds
  2 quokkas
  6 ball pythons
  A frilled lizard (D:2)
  3 rats (D:1)
37 creatures vanquished.

Table legend:
 A = Non-vault XP
 B = Vault XP
 C = Vault XP percentage of total XP
 D = Non-vault monster count
 E = Vault monster count
 F = Vault count percentage of total count
                 A         B        C        D         E       F
            +---------+---------+-------+---------+---------+-------
      Total |     116 |      18 |  13.4 |      33 |       4 |  10.8
            +---------+---------+-------+---------+---------+-------
        D:1 |      58 |       3 |   4.9 |      21 |       2 |   8.7
        D:2 |      56 |      15 |  21.1 |      11 |       2 |  15.4
        D:3 |       2 |       0 |   0.0 |       1 |       0 |   0.0
            +---------+---------+-------+---------+---------+-------

Illustrated notes

Table legend:
 A = Kills in this place as a percentage of kills in entire the game.
 B = Kills by you in this place as a percentage of kills by you in the entire game.
 C = Kills by friends in this place as a percentage of kills by friends in the entire game.
 D = Other kills in this place as a percentage of other kills in the entire game.
 E = Experience gained in this place as a percentage of experience gained in the entire game.
 F = Experience gained in this place divided by the number of levels of this place that you have seen.
                   A       B       C       D       E      F
               +-------+-------+-------+-------+-------+----------------------
         Total | 100.0 | 100.0 |   N/A |   N/A | 100.0 |  44.7
       Dungeon | 100.0 | 100.0 |   N/A |   N/A | 100.0 |  44.7
               +-------+-------+-------+-------+-------+----------------------

Table legend: (Time is in decaauts)
 A = Elapsed time spent in this place.
 B = Non-inter-level travel time spent in this place.
 C = Inter-level travel time spent in this place.
 D = Time resting spent in this place.
 E = Time spent auto-exploring this place.
 F = Levels seen in this place.
 G = Mean time per level.
                   A        B        C        D        E       F      G
               +--------+--------+--------+--------+--------+-----+--------+
         Total |   2191 |   2085 |    106 |    389 |   1327 |   3 |  730.3 |
       Dungeon |   2191 |   2085 |    106 |    389 |   1327 |   3 |  730.3 |
               +--------+--------+--------+--------+--------+-----+--------+

Top non-repeatable levels by time:
     D:1: 1379 daAuts
     D:2: 799 daAuts
     D:3: 12 daAuts
